 Dungeon Crawl Stone Soup version 0.22-a0-362-g535178c5c5 (webtiles) character file.

23007 Geomchi the Fighter (level 12, 0/134 HPs)
             Began as a Black Draconian Transmuter on Apr 19, 2018.
             Was a Follower of Makhleb.
             Slain by a blink frog (9 damage)
             ... on level 3 of the Lair of Beasts.
             The game lasted 00:25:32 (14846 turns).

Geomchi the Fighter (Black Draconian Transmuter)   Turns: 14846, Time: 00:25:33

Health: 0/134      AC:  7    Str: 12    XL:     12   Next: 68%
Magic:  28/28      EV: 10    Int: 19    God:    Makhleb [*.....]
Gold:   957        SH:  0    Dex: 12    Spells: 6/19 levels left

rFire    x . .     SeeInvis .     - Unarmed
rCold    + + +     Gourm    .   (shield currently unavailable)
rNeg     . . .     Faith    .   (armour unavailable)
rPois    +         Spirit   .   (helmet currently unavailable)
rElec    .         Reflect  .   (cloak currently unavailable)
rCorr    .         Harm     .   (gloves currently unavailable)
MR       .....                  (boots currently unavailable)
Stlth    +.........             q - amulet of regeneration
HPRegen  0.72/turn              m - ring of magical power
MPRegen  0.21/turn              P - +1 ring of slaying

@: lethally poisoned (0 -> -40), about to teleport, ice-form
A: large, (breathe lightning), unfitting armour, AC +8
a: End Transformation, Renounce Religion


You were on level 3 of the Lair of Beasts.
You worshipped Makhleb.
Makhleb was aware of your devotion.
You were very hungry.
You were a creature of crystalline ice.
You visited 3 branches of the dungeon, and saw 14 of its levels.
You also visited: Trove.

You collected 957 gold pieces.

Inventory:

Missiles
 a - 173 arrows
Armour
 b - the +0 pair of boots of Binnit Ful (melded) {rC++ rN+ Int+4}
   (You found it in a treasure trove)

   It affects your intelligence (+4).
   It greatly protects you from cold.
   It protects you from negative energy.
 s - a +2 cloak
 E - the +0 pair of gloves of the Game of Kings {Slay+3}
   (You found it in a treasure trove)

   It affects your accuracy and damage with ranged weapons and melee attacks
   (+3).
 G - a +2 pair of gloves of strength (melded)
 H - a +1 pair of boots of flying
 I - a scarf of spirit shield (melded)
 K - a +2 hat of intelligence (melded)
Jewellery
 m - a ring of magical power (left front paw)
 q - an amulet of regeneration (around neck)
 P - a +1 ring of slaying (right front paw)
 R - an uncursed ring of resist corrosion
Wands
 d - a wand of iceblast (21)
 r - a wand of enslavement (17)
 u - a wand of flame (23)
 w - a wand of paralysis (17)
 z - a wand of digging (15)
 B - a wand of random effects (23)
 F - a wand of disintegration (12)
Scrolls
 f - 4 scrolls of enchant armour
 g - 2 scrolls of noise
 h - a scroll of fog {unknown}
 j - 2 scrolls of immolation {unknown}
 k - 2 scrolls of remove curse
 n - 2 scrolls of teleportation
 o - 2 scrolls of holy word {unknown}
 p - a scroll of random uselessness {unknown}
 x - 2 scrolls of amnesia {unknown}
 y - 2 scrolls of magic mapping
 A - a scroll of torment {unknown}
 J - a scroll of brand weapon {unknown}
 M - a scroll of enchant weapon {unknown}
Potions
 e - 3 potions of degeneration
 i - 2 potions of haste
 l - 2 potions of flight
 t - 2 potions of brilliance
 v - 2 potions of might
 C - 5 potions of curing
 D - a potion of lignification {unknown}
 N - a potion of agility
 Q - 2 potions of resistance {unknown}
Comestibles
 c - 27 rations


   Skills:
 + Level 12.2 Fighting
 - Level 1.7 Dodging
 + Level 11.6 Unarmed Combat
 - Level 4.2 Spellcasting
 - Level 9.6 Transmutations
 - Level 4.0 Ice Magic
 + Level 10.1 Invocations


You had 6 spell levels left.
You knew the following spells:

 Your Spells              Type           Power        Failure   Level  Hunger
a - Beastly Appendage     Tmut           #####.       1%          1    None
b - Spider Form           Tmut/Pois      ###.......   5%          3    ###....
c - Ice Form              Ice/Tmut       ####....     8%          4    ####...
d - Blade Hands           Tmut           #####.....   7%          5    ######.


Dungeon Overview and Level Annotations

Branches:
Dungeon (10/15)            Temple (1/1) D:5            Lair (3/6) D:10
    Orc (0/2) D:10
  Swamp: Lair:2-4    Shoals: Lair:2-4     Snake: Lair:2-4    Spider: Lair:2-4

Altars:
Ashenzari
Cheibriados
Dithmenos
Elyvilon
Fedhas
Gozag
Hepliaklqana
Kikubaaqudgha
Makhleb
Nemelex Xobeh
Okawaru
Qazlal
Ru
Sif Muna
Trog
Uskayaw
Vehumet
Wu Jian
Xom
Yredelemnul
Zin
The Shining One

Annotations:
D:6 blubbertyp's ghost, novice GnSk


Innate Abilities, Weirdness & Mutations

((You can breathe wild blasts of lightning.))
((Your glossy black scales are hard. (AC +8)))
You cannot fit into any form of body armour.
((You are resistant to electric shocks. (rElec)))
((You are cold-blooded and may be slowed by cold attacks.))


Message History

* * * LOW HITPOINT WARNING * * *
You take 20 damage, and have 10/134 hp.
You feel much better.
* * * LOW HITPOINT WARNING * * *
You feel very sick. The black mamba misses you. The water moccasin bites you.
* * * LOW HITPOINT WARNING * * *
The black mamba bites you!
* * * LOW HITPOINT WARNING * * *
You take 3 damage, and have 7/134 hp.
You feel much better.
* * * LOW HITPOINT WARNING * * *
You feel very sick. The black mamba bites you!
* * * LOW HITPOINT WARNING * * *
The water moccasin bites you.
* * * LOW HITPOINT WARNING * * *
You are more poisoned.
The water moccasin poisons you! The blink frog hits you!
You die...

....#.##........##...
#...#...#........#...
.##...#.>.............#
#.............#P....###
.........#....P..#.##.
....#...#......P#.###.
#....#.......#.....
#..................
..##.##SY.#..............
.......SF##...........#..
........##.........#.#..P
....8...§..........#..#..
............#............
#.8...8.............. ...
#.......#.#........
....8...#....
.........##..#


You could see a black mamba, a blink frog and a water moccasin.

Vanquished Creatures
  2 hydras
  Erica (D:9)
  3 two-headed ogres
  A queen ant (D:8)
  Urug (Lair:2)
  2 wizards (D:10)
  A deep elf mage (D:10)
  Psyche (D:8)
  7 spiny frogs
  A komodo dragon (Lair:2)
  A troll (D:9)
  5 blink frogs (Lair:3)
  The ghost of blubbertyp the Insei, an amateur OpTm (D:4)
  3 hippogriffs
  3 humans
  16 yaks
  2 hogs
  19 soldier ants
  4 water moccasins
  9 porcupines
  5 orc warriors
  2 sky beasts
  3 ice beasts
  A phantom (D:10)
  A centaur (D:7)
  8 wolves
  2 ogres
  8 crocodiles
  9 bullfrogs
  3 scorpions
  5 killer bees (D:8)
  5 wights (D:8)
  2 howler monkeys (D:7)
  7 crimson imps
  5 hounds
  8 orc priests
  A bullfrog skeleton (D:6)
  3 jellies
  A quasit (D:9)
  14 orc wizards
  Ijyb (D:4)
  An iguana (D:5)
  20 worker ants
  3 hound skeletons
  A worker ant zombie (D:7)
  A howler monkey skeleton (D:8)
  6 adders
  A river rat (D:3)
  3 shadow imps
  An adder skeleton (D:8)
  3 worms
  2 leopard geckos (D:2)
  43 orcs
  2 ball pythons
  3 giant cockroaches
  5 hobgoblins
  10 jackals
  5 quokkas
  6 bats
  3 frilled lizards
  6 goblins
  A jackal skeleton (D:7)
  4 kobolds
  A quokka skeleton (D:4)
  7 rats
  A plant (D:10)
316 creatures vanquished.

Vanquished Creatures (others)
  A fungus (Lair:1)
  2 plants (Lair:2)
3 creatures vanquished.

Grand Total: 319 creatures vanquished

Notes
Turn   | Place    | Note
-------+----------+-------------------------------------------
     0 | D:1      | Geomchi the Draconian Transmuter began the quest for the Orb.
     0 | D:1      | Reached XP level 1. HP: 16/16 MP: 3/3
   355 | D:1      | Reached XP level 2. HP: 23/23 MP: 3/5
   881 | D:2      | Reached skill level 2 in Fighting
   899 | D:2      | Reached XP level 3. HP: 22/29 MP: 4/6
   904 | D:2      | Learned a level 3 spell: Spider Form
  1940 | D:3      | Reached XP level 4. HP: 34/37 MP: 7/7
  2334 | D:3      | Found a glowing drain.
  2591 | D:4      | Noticed an orc warrior
  2830 | D:4      | Noticed blubbertyp's ghost (amateur OpTm)
  2844 | D:5      | Entered Level 5 of the Dungeon
  2877 | D:5      | Reached skill level 3 in Fighting
  2929 | D:5      | Reached XP level 5. HP: 12/45 MP: 6/8
  3185 | D:5      | Found a staircase to the Ecumenical Temple.
  3198 | Temple   | Entered the Ecumenical Temple
  3419 | Temple   | Became a worshipper of Makhleb the Destroyer
  3474 | D:5      | Noticed a sky beast
  3489 | D:5      | Killed a sky beast
  3602 | D:5      | Reached XP level 6. HP: 12/52 MP: 7/9
  3608 | D:5      | Learned a level 4 spell: Ice Form
  4213 | D:5      | Reached skill level 4 in Fighting
  4771 | D:4      | Killed an orc warrior
  4771 | D:4      | Reached skill level 5 in Unarmed Combat
  4854 | D:4      | Found an ornate altar of the Wu Jian Council.
  4914 | D:4      | Noticed Ijyb
  4930 | D:4      | Your scales start taking on a glossy black colour.
  4930 | D:4      | Reached XP level 7. HP: 60/60 MP: 10/10
  4930 | D:4      | Gained mutation: You are resistant to electric shocks. (rElec) [Black Draconian growth]
  4938 | D:4      | Killed Ijyb
  5111 | D:4      | Killed blubbertyp's ghost
  5111 | D:4      | Reached skill level 5 in Fighting
  5111 | D:4      | Reached skill level 5 in Transmutations
  5390 | D:6      | Noticed blubbertyp's ghost (novice GnSk)
  6634 | D:7      | Reached XP level 8. HP: 49/70 MP: 11/11
  6725 | D:6      | Reached skill level 6 in Fighting
  6725 | D:6      | Reached skill level 1 in Ice Magic
  6798 | D:7      | Reached * piety under Makhleb
  6821 | D:7      | Found a hide-covered altar of Uskayaw.
  6853 | D:7      | Found a shattered altar of Ashenzari.
  7151 | D:7      | Found a shimmering altar of Xom.
  7166 | D:7      | Reached skill level 7 in Fighting
  7181 | D:7      | Reached XP level 9. HP: 59/79 MP: 12/12
  7648 | D:8      | Reached skill level 1 in Invocations
  7666 | D:8      | Reached ** piety under Makhleb
  7725 | D:8      | Noticed a queen ant
  7962 | D:8      | HP: 2/97 [wight/great sword of electrocution (10)]
  8207 | D:8      | Reached skill level 8 in Fighting
  8583 | D:8      | Reached XP level 10. HP: 90/90 MP: 13/13
  8590 | D:8      | Learned a level 5 spell: Blade Hands
  8655 | D:8      | Reached *** piety under Makhleb
  8685 | D:8      | Reached skill level 9 in Fighting
  8756 | D:8      | Killed a queen ant
  8756 | D:8      | Reached skill level 5 in Invocations
  9120 | D:8      | Noticed Psyche
  9127 | D:8      | Killed Psyche
  9159 | D:8      | Found an iron altar of Okawaru.
  9668 | D:9      | Noticed Erica
  9684 | D:9      | Killed Erica
  9684 | D:9      | Reached XP level 11. HP: 59/99 MP: 17/17
  9822 | D:9      | Noticed a two-headed ogre
  9831 | D:9      | Killed a two-headed ogre
  9867 | D:9      | Reached **** piety under Makhleb
  9871 | D:9      | Noticed a two-headed ogre
  9877 | D:9      | Killed a two-headed ogre
 10091 | D:9      | Reached skill level 10 in Fighting
 10459 | D:10     | Entered Level 10 of the Dungeon
 10533 | D:10     | Noticed a two-headed ogre
 10542 | D:10     | Killed a two-headed ogre
 10755 | D:10     | Noticed a deep elf mage
 10969 | D:10     | Found a staircase to the Lair.
 11066 | D:10     | Found a portal to a secret trove of treasure.
 11097 | D:10     | Reached skill level 10 in Unarmed Combat
 11120 | Trove    | Entered a treasure trove
 11132 | Trove    | Got a pair of smoking gloves
 11145 | Trove    | Got a pair of dazzling boots
 11155 | Trove    | Identified the +0 pair of boots of Binnit Ful {rC++ rN+ Int+4} (You found it in a treasure trove)
 11160 | Trove    | Identified the +0 pair of gloves of the Game of Kings {Slay+3} (You found it in a treasure trove)
 11395 | D:10     | Found a staircase to the Orcish Mines.
 11406 | D:10     | Noticed a deep elf mage
 11407 | D:10     | Noticed a wizard
 11409 | D:10     | Noticed a wizard
 11414 | D:10     | Killed a wizard
 11418 | D:10     | Killed a deep elf mage
 11421 | D:10     | Killed a wizard
 11425 | D:10     | Identified Ts'ui Pên's Grimoire of Forking Paths
 11479 | D:10     | Identified the Handbook of Axaxaxas mlö
 11517 | D:10     | Identified Sif Muna's Tome of Dhcmrlchtdj
 11721 | Lair:1   | Entered Level 1 of the Lair of Beasts
 11948 | Lair:1   | Reached skill level 11 in Fighting
 12119 | Lair:1   | Reached XP level 12. HP: 110/110 MP: 18/18
 12670 | Lair:1   | Noticed a four-headed hydra
 12684 | Lair:1   | Killed a four-headed hydra
 13324 | Lair:2   | Noticed Urug
 13462 | Lair:2   | Killed Urug
 14303 | Lair:2   | Noticed a seven-headed hydra
 14310 | Lair:2   | Killed a seven-headed hydra
 14456 | Lair:2   | Reached skill level 12 in Fighting
 14822 | Lair:3   | Reached skill level 10 in Invocations
 14846 | Lair:3   | Slain by a blink frog

Vault maps used:
D:1:      grunt_arrival_lava_bath, minmay_heptomino_d4
D:3:      cheibrodos_sewer_entry_sluice, serial_glass, glass_columns_a,
          glass_columns_b, glass_columns_b, glass_columns_a, glass_columns_a,
          glass_columns_a, glass_columns_b, glass_columns_a,
          minmay_misc_feat_nine_boxes
D:4:      lemuel_round_altar, minivault_14, uniq_ijyb
D:5:      minmay_temple_entry_glassed_door, first_ration
D:6:      item_on_display_a
D:7:      xom_teletrap_fun, kennysheep_little_box, grunt_livestock,
          cheibrodos_ashenzari_chains
D:8:      okawaru_humans, minmay_misc_feat_iff, minivault_29, uniq_psyche
D:9:      uniq_erica
D:10:     dpeg_oklobed_lair, orc_0_dummy, enter_trove_6, abandoned_shop,
          bh_hangedman_babel_library, uniq_grum
Temple:   dpeg_five_rooms_temple
Lair:2:   st_stairs_3, beast_lair_carwin_8, grunt_megastairs_1,
          lemuel_fruit_fields, uniq_urug
Lair:3:   minmay_shoals_entry_beasts, hibernation_bobbens, lemuel_fruit_tree,
          grunt_megastairs_4
Trove:    trove_armour_1

Skill      XL: |  1  2  3  4  5  6  7  8  9 10 11 12 |
---------------+-------------------------------------+-----
Fighting       | 2 3 4 5 7 8 9 11 12 | 12.2
Transmutations | 3 4 5 6 7 9 |  9.6
Unarmed Combat | 4 5 6 7 8 9 10 11 | 11.6
Ice Magic      | 3 4 |  4.0
Invocations    | 3 6 8 10 | 10.1
Spellcasting   | 4 |  4.2
Dodging        | |  1.7

Action                   |  1- 3 |  4- 6 |  7- 9 | 10-12 || total
-------------------------+-------+-------+-------+-------++-------
Melee: Unarmed           |   128 |   186 |   392 |   571 ||  1277
       Kick              |    17 |    12 |     5 |     1 ||    35
       Tailslap          |    15 |    16 |    12 |     5 ||    48
       Headbutt          |     5 |     5 |     8 |       ||    18
       Punch             |       |     2 |     6 |     1 ||     9
 Cast: Beastly Appendage |    21 |    11 |    11 |     2 ||    45
       Spider Form       |       |     7 |    18 |       ||    25
       Ice Form          |       |       |     9 |    50 ||    59
 Abil: Breathe Lightning |       |       |     2 |       ||     2
Evoke: Wand              |       |       |     3 |     4 ||     7
  Use: Potion            |       |     1 |     3 |     3 ||     7
       Scroll            |       |       |     5 |     8 ||    13
  Eat: Ration            |     1 |     2 |     1 |     1 ||     5
       Chunk             |       |     5 |    14 |    25 ||    44
Armor: Skin              |    39 |    40 |    76 |    88 ||   243
Dodge: Dodged            |    90 |   126 |   210 |   197 ||   623

Table legend:
 A = Spawn XP
 B = Non-spawn XP
 C = Spawn XP percentage of total XP
 D = Spawn monster count
 E = Non-spawn monster count
 F = Spawn count percentage of total count
 G = Total turns spent on level
                    A         B        C        D         E        F      G
               +---------+---------+-------+---------+---------+-------+---------
         Total |       0 |   32868 |   0.0 |       0 |     315 |   0.0 | 14846
               +---------+---------+-------+---------+---------+-------+---------
           D:1 |       0 |      31 |   0.0 |       0 |      13 |   0.0 |  1052
           D:2 |       0 |      46 |   0.0 |       0 |      18 |   0.0 |   655
           D:3 |       0 |      45 |   0.0 |       0 |      13 |   0.0 |   841
           D:4 |       0 |     525 |   0.0 |       0 |      18 |   0.0 |   876
           D:5 |       0 |     455 |   0.0 |       0 |      15 |   0.0 |  1899
           D:6 |       0 |     496 |   0.0 |       0 |      15 |   0.0 |  1110
           D:7 |       0 |    1957 |   0.0 |       0 |      26 |   0.0 |  1096
           D:8 |       0 |    7044 |   0.0 |       0 |      84 |   0.0 |  1747
           D:9 |       0 |    4066 |   0.0 |       0 |      28 |   0.0 |  1052
          D:10 |       0 |    4742 |   0.0 |       0 |      27 |   0.0 |   949
        Lair:1 |       0 |    5349 |   0.0 |       0 |      23 |   0.0 |  1623
        Lair:2 |       0 |    5896 |   0.0 |       0 |      25 |   0.0 |  1287
        Lair:3 |       0 |    2216 |   0.0 |       0 |      10 |   0.0 |   215
               +---------+---------+-------+---------+---------+-------+---------
